 Dungeon Crawl Stone Soup version 0.31-a0-960-g0fca184906 (webtiles) character file.

Game seed: 3377100245015734560

11 Azuregosa the Sneak (level 2, -2/21 HPs)
             Began as an Octopode Delver on Oct 23, 2023.
             Slain by a scorpion (5 damage)
             ... on level 5 of the Dungeon.
             The game lasted 00:01:16 (64 turns).

Azuregosa the Sneak (Octopode Delver)                 Turns: 64, Time: 00:01:16

Health: -2/21      AC:  1    Str: 11    XL:     2   Next: 25%
Magic:  2/2        EV: 13    Int: 12    God:
Gold:   28         SH:  0    Dex: 13    Spells: 1/1 levels left

rFire   . .          .
                       - Unarmed
rCold   . . .        (no shield)
rNeg    . . .        (helmet restricted)
rPois   .            (no amulet)
rElec   .            (no ring)
rCorr   .            (no ring)
SInv    .            (no ring)
Will    .....        (no ring)
Stlth   ++++         (no ring)
HPRegen 0.23/turn    (no ring)
MPRegen 0.08/turn    (no ring)
                     (no ring)

%: no passive effects
@: no status effects
A: almost no armour, amphibious, 8 rings, camouflage 1, gelatinous body 1,
(nimble swimmer 1), tentacles
a: no special abilities


You were on level 5 of the Dungeon.
You visited 1 branch of the dungeon, and saw 1 of its levels.

You collected 28 gold pieces.

Inventory:

Wands
 e - a wand of digging (3)
Scrolls
 a - a scroll of fog
 c - a scroll of fear
Potions
 d - a potion of haste


   Skills:
 - Level 3.0 Fighting
 + Level 2.9 Dodging
 - Level 6.6 Stealth
 - Level 2.0 Unarmed Combat


You had one spell level left.
You didn't know any spells.
Your spell library contained the following spells:

 Spells                   Type           Power      Damage    Failure   Level
 Necrotise                Necr           0%         1d4       32%         1
 Vampiric Draining        Necr           0%         2d6       69%         3
 Agony                    Necr           0%         N/A       100%        5


Dungeon Overview and Level Annotations

Branches:
Dungeon (5/15)
 Temple: D:4-7

Altars:


Innate Abilities, Weirdness & Mutations

You cannot wear most types of armour.
You are amphibious.
You can wear up to eight rings at the same time.
Your skin changes colour to match your surroundings (Stealth+).
Your rubbery body absorbs attacks. (AC +1, EV +1)
((You are camouflaged when in or above water. (Stealth+)))
You have tentacles for arms and can constrict up to eight enemies at once.


Message History

You constrict the adder.
You feel sick. The adder barely misses you.
You tentacle-slap the adder but do no damage.
The adder is almost dead.
You constrict the adder.
You kill the adder!
You feel sick. The scorpion stings you.
You have reached level 2!
You tentacle-slap the scorpion but do no damage.
Your grab misses the scorpion.
You feel sick.
You are no longer poisoned.
The scorpion misses you.
You closely miss the scorpion. You grab the scorpion.
You constrict the scorpion. The scorpion barely misses you.
You tentacle-slap the scorpion but do no damage.
The scorpion is lightly wounded.
You constrict the scorpion. The scorpion closely misses you.
You tentacle-slap the scorpion but do no damage.
You squeeze the scorpion.
The scorpion is heavily wounded.
You constrict the scorpion, but do no damage.
The scorpion closely misses you.
You completely miss the scorpion.
The scorpion is heavily wounded.
You constrict the scorpion, but do no damage.
The scorpion stings you!
* * * LOW HITPOINT WARNING * * *
The adder hisses angrily.
You tentacle-slap the scorpion.
The scorpion is heavily wounded.
You constrict the scorpion, but do no damage.
The scorpion closely misses you. x2
You tentacle-slap the scorpion but do no damage.
The scorpion is heavily wounded.
You constrict the scorpion. The scorpion stings you.
* * * LOW HITPOINT WARNING * * *
You tentacle-slap the scorpion.
You squeeze the scorpion, but do no damage.
The scorpion is almost dead.
You constrict the scorpion. The scorpion stings you.
You die...

+,,,*,*,,,,,*,*,,,,* #.#
*,,,*,***####,*,,,,* #.#######
*,,,,,,,,....,*,,,,* #.......###
*,,,,,,,,.....*,,,,* ###≈≈≈≈≈≈≈#
*,,,,,,,,.....*,,,,* ##....~##
*,,,,,,,,......,,,,* #..~..#
*********#.....##+#*#######...##
#....Ss..###.........#
*,**+*#@...#.........#
****,*,,,#....#........##
*,,,,*,*,#.....####'####
*,****,*,####.....#.#####
*,*,,,,*,,,,#.....#.....###
**,+,*******,+.##...####.###
*,,*,,,,*,,,,#.###...###.###
*,,****,*,***#.####....#.###
*,,,,,*,*,*,,..#####...#.###


You could see a scorpion and an adder.

Vanquished Creatures
  An adder (D:5)
  An orc (D:5)
2 creatures vanquished.

Notes
Turn   | Place    | Note
-------+----------+-------------------------------------------
     0 | D:5      | Azuregosa the Octopode Delver began the quest for the Orb.
     0 | D:5      | Reached XP level 1. HP: 16/16 MP: 1/1
    28 | D:5      | Noticed a centaur
    29 | D:5      | Noticed an orc priest
    48 | D:5      | Noticed a scorpion
    57 | D:5      | Reached XP level 2. HP: 12/21 MP: 2/2
    64 | D:5      | Slain by a scorpion

Illustrated notes

Levels and vault maps discovered:
D:5:      layout_basic, fedhas_altar_4, chequers_serial_rivers_micro_e,
          roderic_filled_cross, minmay_misc_feat_ornament

Action                     || total
---------------------------++-------
  Melee: Unarmed           ||    16
         Tentacles         ||     4
         Constrict         ||     3
    Use: Scroll            ||     1
 Armour: Skin              ||     5
  Dodge: Dodged            ||    12

Table legend: (Time is in decaauts)
 A = Elapsed time spent in this place.
 B = Non-inter-level travel time spent in this place.
 C = Inter-level travel time spent in this place.
 D = Time resting spent in this place.
 E = Time spent auto-exploring this place.
 F = Levels seen in this place.
 G = Mean time per level.
                   A        B        C        D        E       F      G
               +--------+--------+--------+--------+--------+-----+--------+
         Total |     63 |     63 |      0 |      0 |      0 |   1 |   63.0 |
       Dungeon |     63 |     63 |      0 |      0 |      0 |   1 |   63.0 |
               +--------+--------+--------+--------+--------+-----+--------+

Top non-repeatable levels by time:
     D:5: 63 daAuts
